 Dungeon Crawl Stone Soup version 0.28-a0-239-g68911e0c57 (webtiles) character file.

Game seed: 532600082600815880

56 Colgate the Twirler (level 4, -2/35 HPs)
             Began as a Formicid Fighter on Aug 23, 2021.
             Killed by divine providence
             ... invoked by an orc priest
              (13 damage)
             ... on level 3 of the Dungeon.
             The game lasted 00:01:21 (2223 turns).

Colgate the Twirler (Formicid Fighter)              Turns: 2223, Time: 00:01:22

Health: -2/35      AC:  6    Str: 21    XL:     4   Next: 17%
Magic:  4/4        EV:  8    Int:  8    God:
Gold:   102        SH:  8    Dex: 10    Spells: 3/3 levels left

rFire   . . .      SeeInvis +   Y - +0 quarterstaff
rCold   . . .      Faith    +   c - +0 kite shield
rNeg    . . .      Spirit   .   b - +0 scale mail
rPois   .          Reflect  .   (helmet unavailable)
rElec   .          Harm     .   (no cloak)
rCorr   .          Rampage  .   (no gloves)
Will    .....                   (no boots)
Stlth   ..........              a - amulet of faith
HPRegen 0.11/turn               (no ring)
MPRegen 0.09/turn               (no ring)

@: no status effects
A: permanent stasis, dig shafts and tunnels, antennae 3, four strong arms
a: Dig, Shaft Self


You were on level 3 of the Dungeon.
You visited 1 branch of the dungeon, and saw 3 of its levels.

You collected 102 gold pieces.


Innate Abilities, Weirdness & Mutations

You cannot be hasted, slowed, berserked, paralysed or teleported.
You can dig through walls and to a lower floor.
You have a pair of large antennae on your head. (SInv)
Your four strong arms can wield two-handed weapons with a shield.


   Skills:
 - Level 3.2 Fighting
 + Level 4.1 Staves
 - Level 3.2 Armour
 - Level 3.6 Shields


You had 3 spell levels left.
You didn't know any spells.
Your spell library was empty.

Inventory:

Hand Weapons
 Y - a +0 quarterstaff (weapon)
Armour
 b - a +0 scale mail (worn)
 c - a +0 kite shield (worn)
Jewellery
 a - an amulet of faith (around neck)
Scrolls
 l - a scroll of identify
Potions
 d - a potion of might
 e - a potion of haste {unknown}
 f - a potion of lignification {unknown}
 g - a potion of mutation {unknown}
 h - a potion of brilliance {unknown}
 i - a potion of berserk rage {unknown}
 j - a potion of ambrosia {unknown}
 k - a potion of curing {unknown}

Dungeon Overview and Level Annotations

Branches:
Dungeon (3/15)

Altars:


Message History

f - an orange potion You sense a monster nearby.
You sense a monster nearby. 2 orcs and an orc warrior come into view.
The orc shouts!
You hear a shout!
The orc moves out of view.
An orc priest comes into view. It is wielding a +0 hand axe.
You hit the orc.
The orc is heavily wounded.
The orc hits you but does no damage.
You hit the orc.
You kill the orc!
You block the orc warrior's attack. The orc closely misses you.
You see here a +0 mace.
2213 ||| Stepping ~*~*~tactically~*~*~ (outnumbered).
You sock the orc warrior!
The orc warrior is heavily wounded.
The orc warrior closely misses you.
The orc priest looks braver for a moment.
You hit the orc warrior.
The orc warrior is heavily wounded.
The orc warrior hits you with a +0 battleaxe!
You block the orc warrior's attack.
You closely miss the orc warrior.
The orc warrior is heavily wounded.
You block the orc warrior's attack.
You hit the orc warrior.
The orc warrior is severely wounded.
You block the orc warrior's attack. You block the orc priest's attack.
You hit the orc warrior.
The orc warrior is almost dead.
The orc warrior hits you with a +0 battleaxe!
The orc priest looks braver for a moment.
2220 ||| Stepping ~*~*~tactically~*~*~ (outnumbered).
2221 ||| Stepping ~*~*~tactically~*~*~ (outnumbered).
2222 ||| Stepping ~*~*~tactically~*~*~ (outnumbered).
2223 ||| Stepping ~*~*~tactically~*~*~ (outnumbered).
The orc priest mumbles some strange prayers to Beogh against you.
Beogh smites you!
You die...

#.#######..#..
#..#.......# .##
#.#......># ..#
##.....(...###.# ...
...<...(....##.# #..
...%........Z#.## #.#
####
..#...######....###.#
#...## .....##
##....##.##.....#
...#.#
##.#@##.#.......
..##.#
#...##.#....... ..
#.# ##oo##.#.......
.. #.# #.....)......#
#..o..#.......
#.......##.......
#..##....# .......
... ###### #####.# .#
#


You could see an orc warrior, an orc priest, an orc and a bullfrog zombie.

Vanquished Creatures
  2 adders (D:2)
  A dart slug (D:1)
  An orc (D:3)
  3 bats
  2 giant cockroaches (D:2)
  3 goblins
  4 hobgoblins
  5 quokkas
  8 kobolds
  5 rats (D:1)
34 creatures vanquished.

Vanquished Creatures (others)
  A fungus (D:1)
1 creature vanquished.

Grand Total: 35 creatures vanquished

Notes
Turn   | Place    | Note
-------+----------+-------------------------------------------
     0 | D:1      | Colgate the Formicid Fighter began the quest for the Orb.
     0 | D:1      | Reached XP level 1. HP: 18/18 MP: 1/1
     0 | D:1      | 0 ||| counter = 6
   219 | D:1      | Found a faded altar of an unknown god.
   232 | D:1      | Reached XP level 2. HP: 15/24 MP: 2/2
   442 | D:1      | Reached skill level 3 in Staves
   637 | D:1      | Reached XP level 3. HP: 29/29 MP: 3/3
  1131 | D:1      | 1131 ||| READING scroll labelled KOISIYLURPH.
  1132 | D:1      | 1132 ||| READING scroll labelled OJAT UNOFEOCAMP.
  1133 | D:1      | 1133 ||| READING 2 scrolls labelled XIS XOMAUMNE.
  1134 | D:1      | 1134 ||| DROPPING scroll of immolation.
  1806 | D:2      | Reached skill level 4 in Staves
  1806 | D:2      | Reached XP level 4. HP: 30/35 MP: 4/4
  2081 | D:2      | 2081 ||| UPGRADING to amulet of faith.
  2086 | D:2      | 2086 ||| READING scroll labelled EKKOAS KOPPOAPS.
  2126 | D:3      | 2126 ||| STAIRDANCE
  2206 | D:3      | Noticed an orc warrior
  2213 | D:3      | 2213 ||| Stepping ~*~*~tactically~*~*~ (outnumbered).
  2220 | D:3      | 2220 ||| Stepping ~*~*~tactically~*~*~ (outnumbered).
  2221 | D:3      | 2221 ||| Stepping ~*~*~tactically~*~*~ (outnumbered).
  2222 | D:3      | 2222 ||| Stepping ~*~*~tactically~*~*~ (outnumbered).
  2223 | D:3      | 2223 ||| Stepping ~*~*~tactically~*~*~ (outnumbered).
  2223 | D:3      | Killed from afar by an orc priest

Levels and vault maps discovered:
D:1:      dpeg_arrival_tiny_k, layout_loops_ring,
          shapermc_ecumenical_altar_mp_urbaneastern, minivault_26,
          minmay_misc_feat_roman
D:2:      layout_basic, minmay_misc_feat_five, minmay_misc_feat_encased
D:3:      layout_rooms, serial_shops, shop_statue, chequers_big_river,
          minmay_curled_crystal, uniq_ijyb

Skill      XL: |  1  2  3 |
---------------+----------+-----
Staves         | 3 4 |  4.1
Fighting       | |  3.2
Armour         | |  3.2
Shields        | |  3.6

Action                   |  1- 3 |  4- 6 || total
-------------------------+-------+-------++-------
Melee: Quarterstaff      |   101 |    20 ||   121
  Use: Scroll            |     3 |     1 ||     4
Armor: Scale mail        |    41 |     4 ||    45
Dodge: Dodged            |    33 |     3 ||    36
Block: Kite shield       |    28 |    13 ||    41

Table legend:
 A = Non-vault XP
 B = Vault XP
 C = Vault XP percentage of total XP
 D = Non-vault monster count
 E = Vault monster count
 F = Vault count percentage of total count
                 A         B        C        D         E       F
            +---------+---------+-------+---------+---------+-------
      Total |      81 |       0 |   0.0 |      34 |       0 |   0.0
            +---------+---------+-------+---------+---------+-------
        D:1 |      32 |       0 |   0.0 |      20 |       0 |   0.0
        D:2 |      41 |       0 |   0.0 |      10 |       0 |   0.0
        D:3 |       8 |       0 |   0.0 |       4 |       0 |   0.0
            +---------+---------+-------+---------+---------+-------
